 Dungeon Crawl Stone Soup version 0.19.5 (webtiles) character file.

122 snowfan the Charmwright (level 4, -4/24 HPs)
             Began as a Deep Elf Wizard on May 8, 2017.
             Killed from afar by an orc wizard (9 damage)
             ... with a magic dart
             ... on level 4 of the Dungeon.
             The game lasted 00:12:20 (2484 turns).

snowfan the Charmwright (Deep Elf Wizard)           Turns: 2484, Time: 00:12:21

Health: -4/24      AC:  3    Str:  4    XL:     4   Next: 78%
Magic:  19/21      EV: 13    Int: 24    God:
Gold:   95         SH:  0    Dex: 13    Spells: 3 memorised, 6 levels left

rFire  . . .     SeeInvis .     e - +0 dagger
rCold  . . .     Gourm    .     h - +0 robe
rNeg   . . .     Faith    .     (no shield)
rPois  .         Spirit   .     b - +0 hat
rElec  .         Reflect  .     v - +0 cloak
rCorr  .         Harm     .     (no gloves)
MR     .....     Rnd*Tele +     (no boots)
Stlth  +++.......               a - amulet of magic regeneration
                                n - ring of magical power
                                z - ring of teleportation (curse)

@: very slightly contaminated, hasted, repel missiles, very quick
A: camouflage 1, mutation resistance 1
a: no special abilities


You were on level 4 of the Dungeon.
You were not hungry.

You visited 1 branch of the dungeon, and saw 4 of its levels.

You collected 95 gold pieces.

Inventory:

Hand Weapons
 e - a +0 dagger (weapon)
Missiles
 g - 35 stones (quivered)
 l - 39 sling bullets
Armour
 b - a +0 hat (worn)
 h - a +0 robe (worn)
 v - a +0 cloak (worn)
Jewellery
 a - an amulet of magic regeneration (around neck)
 i - an uncursed ring of protection from cold
 n - a ring of magical power (right hand)
 t - a +2 ring of evasion
 z - a cursed ring of teleportation (left hand)
 C - an uncursed ring of resist corrosion
Scrolls
 j - 2 scrolls of magic mapping {unknown}
 o - 3 scrolls of teleportation {unknown}
 p - a scroll of fear {unknown}
 s - 2 scrolls of enchant armour {unknown}
 y - a scroll of identify {unknown}
 F - a scroll of amnesia {unknown}
Potions
 f - a potion of ambrosia
 u - a potion of magic {unknown}
 x - a potion of resistance {unknown}
 A - a potion of agility {unknown}
 B - a potion of curing {unknown}
 D - a potion of brilliance {unknown}
Books
 c - a book of Minor Magic

   Spells                             Type                      Level
   a - Magic Dart                     Conjuration                  1
   b - Blink                          Translocation                2
   c - Call Imp                       Summoning                    2
   d - Repel Missiles                 Charms/Air                   2
   e - Slow                           Hexes                        2
   f - Conjure Flame                  Conjuration/Fire             3
   g - Mephitic Cloud                 Conjuration/Poison/Air       3
Comestibles
 d - 2 bread rations
 k - a slice of pizza
 q - 2 meat rations
 w - 3 fruits
 E - 8 chunks of flesh


   Skills:
 - Level 2.4 Dodging
 - Level 2.4 Stealth
 - Level 4.4 Spellcasting
 - Level 3.4 Conjurations
 + Level 0.0 Hexes
 - Level 4.8 Charms
   Level 1.1 Summonings
   Level 1.1 Translocations


You had 6 spell levels left.
You knew the following spells:

 Your Spells              Type           Power        Failure   Level  Hunger
a - Magic Dart            Conj           ###.         1%          1    None
l - Slow                  Hex            #.......     14%         2    None
m - Repel Missiles        Chrm/Air       ###...       6%          2    None


Dungeon Overview and Level Annotations

Branches:
Dungeon (4/15)
 Temple: D:4-7

Altars:
Okawaru

Annotations:
D:3 Terence


Innate Abilities, Weirdness & Mutations

Your skin changes colour to match your surroundings (Stealth+).
You are somewhat resistant to further mutation.


Message History

The orc is lightly wounded.
Casting: Magic Dart
Confirm with . or Enter, or press ? or * to list all spells.
Aiming: Magic Dart
Press: ? - help, Shift-Dir - straight line, f/p - orc
Aim: an orc, wielding a dagger and wearing a ring mail (lightly wounded)
The magic dart hits the orc wizard.
The orc wizard is moderately wounded.
Casting: Magic Dart
Confirm with . or Enter, or press ? or * to list all spells.
Aiming: Magic Dart
Press: ? - help, Shift-Dir - straight line, f/p - orc
Aim: an orc, wielding a dagger and wearing a ring mail (lightly wounded)
The magic dart hits the orc wizard.
The orc wizard is heavily wounded.
You hear some strange, mumbled words.
Something tries to affect you, but you resist.
The orc wizard gestures at you while chanting.
The magic dart hits you!
You die...

###...S####o....
#....# ...
#....# . #....#
#....# #....###
####{...#
#..'o...#
#@o#....#
#..#....#
####....# +$...#
#....# #....#
.....#


You could see an orc wizard and an orc.

Vanquished Creatures
  An orc wizard (D:3)
  2 adders
  An ooze (D:1)
  2 worms (D:2)
  2 dart slugs (D:1)
  2 leopard geckos (D:2)
  4 orcs (D:3)
  A ball python (D:1)
  A giant cockroach (D:3)
  6 goblins
  9 hobgoblins
  A quokka (D:3)
  7 bats
  4 frilled lizards
  9 kobolds
  5 rats
57 creatures vanquished.

Notes
Turn   | Place    | Note
-------+----------+-------------------------------------------
     0 | D:1      | snowfan the Deep Elf Wizard began the quest for the Orb.
     0 | D:1      | Reached XP level 1. HP: 10/10 MP: 7/7
   209 | D:1      | Reached XP level 2. HP: 9/15 MP: 1/9
  1043 | D:1      | Reached XP level 3. HP: 19/19 MP: 10/10
  1085 | D:1      | Learned a level 2 spell: Repel Missiles
  1231 | D:2      | Reached skill level 1 in Charms
  1399 | D:2      | Found an iron altar of Okawaru.
  2084 | D:3      | Reached XP level 4. HP: 24/24 MP: 12/12
  2337 | D:3      | Noticed Terence
  2372 | D:3      | Learned a level 2 spell: Slow
  2479 | D:4      | Gained mutation: Your skin changes colour to match your surroundings (Stealth+). [potion of mutation]
  2479 | D:4      | Gained mutation: You are somewhat resistant to further mutation. [potion of mutation]
  2484 | D:4      | Killed from afar by an orc wizard

Skill      XL: |  1  2  3  4 |
---------------+-------------+-----
Conjurations   | 2 3 |  3.4
Charms         | 3 4 |  4.8
Dodging        | |  2.4
Stealth        | |  2.4
Spellcasting   | |  4.4
Summonings     | |  1.1
Translocations | |  1.1

Action                   |  1- 3 |  4- 6 || total
-------------------------+-------+-------++-------
Melee: Dagger            |   156 |     1 ||   157
       Unarmed           |     1 |       ||     1
 Cast: Magic Dart        |   148 |    48 ||   196
       Repel Missiles    |     1 |       ||     1
       Slow              |       |     6 ||     6
  Use: Potion            |       |     3 ||     3
  Eat: Chunk             |     3 |     2 ||     5
Armor: Robe              |     6 |     2 ||     8
Dodge: Dodged            |    16 |     5 ||    21
       Deflected         |       |     1 ||     1
